 Dungeon Crawl Stone Soup version 0.31.0-12-g77e489cdc1 (webtiles) character file.

Game seed: 2337667426206094102

15082 DildoBatman the Peltast (level 12, -1/95 HPs)
             Began as a Formicid Conjurer on Mar 2, 2024.
             Was a Follower of Kikubaaqudgha.
             Slain by a minotaur
             ... wielding a +0 great sword
              (30 damage)
             ... on level 11 of the Dungeon.
             The game lasted 00:36:08 (11257 turns).

DildoBatman the Peltast (Formicid Conjurer)        Turns: 11257, Time: 00:36:09

Health: -1/95      AC: 23    Str: 13    XL:     12   Next: 53%
Magic:  21/21      EV: 19    Int: 25    God:    Kikubaaqudgha [*.....]
Gold:   639        SH: 20    Dex: 19    Spells: 20/23 levels left

rFire   . . .        a - +5 falchion (freeze)
rCold   + . .        k - +0 tower shield
rNeg    . . .        l - +5 robe of Misfortune {Harm *Corrode *Slow EV+5}
rPois   .            (helmet unavailable)
rElec   .            Z - +1 cloak of Erir {Int+3}
rCorr   .            z - +2 pair of gloves
SInv    +            S - +0 pair of boots
Will    +....        m - amulet of Biud {RegenMP +Inv rC+ Dex+7}
Stlth   +++          W - +4 ring of protection
HPRegen 0.35/turn    B - +4 ring of protection
MPRegen 0.57/turn

%: corrode self (3%), slow self (1%), harm (+30% outgoing, +20% incoming)
@: no status effects
A: permanent stasis, dig shafts and tunnels, antennae 3, four strong arms
a: Dig, Shaft Self, Renounce Religion, Evoke Invisibility, Unearth Wretches


You were on level 11 of the Dungeon.
You worshipped Kikubaaqudgha.
Kikubaaqudgha was aware of your devotion.
You visited 2 branches of the dungeon, and saw 12 of its levels.
You also visited: Ossuary and Gauntlet.

You collected 639 gold pieces.

Inventory:

Hand Weapons
 a - a +5 falchion of freezing (weapon)
 d - a +2 scimitar of flaming
Missiles
 s - 23 poisoned darts
 O - a throwing net
 X - 5 curare-tipped darts
Armour
 k - a +0 tower shield (worn)
 l - the +5 robe of Misfortune (worn) {Harm *Corrode *Slow EV+5}
   (You found it on level 2 of the Dungeon)

   EV+5:      It affects your evasion (+5).
   *Corrode:  It may corrode you when you take damage.
   *Slow:     It may slow you when you take damage.
   Harm:      It increases damage dealt and taken.
 z - a +2 pair of gloves (worn)
 S - a +0 pair of boots (worn)
 Z - the +1 cloak of Erir (worn) {Int+3}
   (You found it in a Gauntlet)

   Int+3:     It affects your intelligence (+3).
Magical Staves
 p - a staff of fire
Jewellery
 c - a +6 ring of dexterity
 m - the amulet of Biud (around neck) {RegenMP +Inv rC+ Dex+7}
   (You acquired it on level 7 of the Dungeon)

   [amulet of magic regeneration]

   RegenMP:   It increases your rate of magic regeneration.
   Dex+7:     It affects your dexterity (+7).
   rC+:       It protects you from cold.
   +Inv:      It lets you turn invisible.
 n - an amulet of faith
 q - the ring "Lamn" {rPois Will+}
   (You found it in a Gauntlet)

   [ring of poison resistance]

   rPois:     It protects you from poison Will+: It increases your willpower.
 B - a +4 ring of protection (right hand)
 N - an amulet of the acrobat
 P - the ring of Makhleb's Indignation {Will++ MP+9}
   (You found it on level 5 of the Dungeon)

   [ring of magical power]

   Will++:    It greatly increases your willpower.
   MP+9:      It affects your magic capacity (+9).
 W - a +4 ring of protection (left hand)
Wands
 j - a wand of quicksilver (7)
 t - a wand of flame (41)
 A - a wand of charming (16)
 M - a wand of iceblast (3)
Scrolls
 i - 5 scrolls of poison
 o - 2 scrolls of amnesia
 r - 3 scrolls of fear
 v - 4 scrolls of immolation
 E - a scroll of brand weapon
 H - 3 scrolls of identify
 I - a scroll of enchant armour
 R - 3 scrolls of enchant weapon
 Y - 2 scrolls of revelation
Potions
 b - 5 potions of magic
 e - a potion of attraction {unknown}
 f - 3 potions of cancellation {unknown}
 g - 5 potions of degeneration {unknown}
 h - 3 potions of berserk rage {unknown}
 u - 4 potions of heal wounds
 y - 4 potions of curing {unknown}
 F - a potion of ambrosia {unknown}
 G - a potion of might {unknown}
 J - a potion of enlightenment {unknown}
 K - a potion of haste {unknown}
 Q - 2 potions of mutation {unknown}
 T - 3 potions of lignification {unknown}
 U - a potion of resistance {unknown}


   Skills:
 * Level 9.0 Fighting
 * Level 8.9 Armour
 * Level 6.8 Dodging
 - Level 4.0 Stealth
 - Level 15.0 Shields
 - Level 6.0 Spellcasting
 - Level 6.0 Conjurations


You had 20 spell levels left.
You knew the following spells:

 Your Spells              Type           Power      Damage    Failure   Level
a - Searing Ray           Conj           74%        2d7       4%          2
c - Magic Dart            Conj           100%       1d8       2%          1

Your spell library contained the following spells:

 Spells                   Type           Power      Damage    Failure   Level
 Kiss of Death            Conj/Necr      88%        2d12      9%          1
 Shock                    Conj/Air       88%        1d8       9%          1
 Sting                    Conj/Alch      88%        1d8       9%          1
 Apportation              Tloc           14%        N/A       30%         1
 Necrotise                Necr           28%        1d5       30%         1
 Summon Small Mammal      Summ           28%        N/A       30%         1
 Cigotuvi's Dreadful Rot  Necr/Alch/Air  14%        N/A       43%         2
 Ensorcelled Hibernation  Hex/Ice        14%        N/A       43%         2
 Sublimation of Blood     Necr           7%         N/A       43%         2
 Fulminant Prism          Conj/Alch      11%        3d9       65%         4
 Iskenderun's Mystic Bla  Conj/Tloc      22%        2d6       65%         4
 Fugue of the Fallen      Necr           7%         N/A       67%         3
 Passwall                 Erth           7%         N/A       67%         3
 Airstrike                Air            3%         2d(1-17)  97%         4
 Swiftness                Air            Unusable   N/A       N/A         3

Dungeon Overview and Level Annotations

Branches:
Dungeon (11/15)            Temple (1/1) D:5            Lair (0/5) D:9
    Orc (0/2) D:11        Ossuary (visited)         Gauntlet (visited)

Altars:
Ashenzari
Cheibriados
Dithmenos
Elyvilon
Fedhas
Gozag
Hepliaklqana
Kikubaaqudgha
Makhleb
Nemelex Xobeh
Okawaru
Qazlal
Ru
Sif Muna
Trog
Uskayaw
Vehumet
Wu Jian
Xom
Yredelemnul
Zin
The Shining One

Shops:
D:4 :   D:6 *   D:7 =

Portals:
Ice
Cave: D:11


Innate Abilities, Weirdness & Mutations

You cannot be hasted, slowed, berserked, paralysed or teleported.
You can dig through walls and to a lower floor.
You have a pair of large antennae on your head. (SInv)
Your four strong arms can wield two-handed weapons with a shield.


Message History

The minotaur hits you with a +0 great sword!!
The minotaur gores you.
The minotaur throws a silver javelin.
The silver javelin pierces through you!
The minotaur throws a silver javelin.
The silver javelin misses you.
There is an open door here.
There is a gate leading back out of this place here.
Items here: !! ) : [[ || }.
T - 3 fuming emerald potions (gained 2)
The minotaur throws a silver javelin.
The silver javelin pierces through you!
f - 3 glowing black potions (gained 2)
The minotaur throws a silver javelin.
The silver javelin pierces through you!!
Okay, then.
Press: ? - help, v - describe, . - travel, g - get item
Items here: ) : [[ || }.
A gate leading back out of this place, spattered with blood.
It was a potion of heal wounds.
You feel much better.
Okay, then.
Press: ? - help, v - describe, . - travel, g - get item
Items here: ) : [[ || }.
A gate leading back out of this place, spattered with blood.
Unknown command.
Okay, then.
Unknown command.
Unknown command.
The minotaur closely misses you.
The minotaur gores you but does no damage.
Welcome back to the Dungeon!
You feel a wave of frost pass over you.
There is an entrance to an ice cave on this level.
Hurry and find it before the portal melts!
You hear the steady crackling of a melting archway very nearby.
There is an empty arch of ancient stone here.
A white imp comes into view.
The minotaur hits you with a +0 great sword!!
You die...
Kikubaaqudgha rasps: "You have failed me!
Welcome... death!"

**##############...,,,,,,,,,,,,,.
,,.................,,,,,,,,,,,,,.
,,................,,,,,,,,,,,,,,.
,,..(...........#****************
,,..............#
,,)......<......#
,,..............#
,,..............#########********
,,..............@∩5......,,,,,,,,
**###############H.......,,,,,,,,
#55......,,,,,,,,
#5.55....,,,,,,,,
#..5..5..,,,,,,,,
#....5...,,,,,,,,
****************#..55....,,,^,,,,
,,,,,,,,,,,,,,,,.....∩.5.,,,,,,,,
,,,,,,,,,,,,,,,,,,,,,,,,,,,,,,,,,


You could see a minotaur and 12 white imps.

Vanquished Creatures
  Erica (D:9)
  3 two-headed ogres (D:10)
  An occultist (Gauntlet)
  A sun demon (D:10)
  An arcanist (Gauntlet)
  A rust devil (D:10)
  An orange demon (D:10)
  A smoke demon (D:10)
  A kobold demonologist (D:9)
  An unseen horror (D:10)
  2 ice devils (D:10)
  A hellwing (D:10)
  A wolf spider simulacrum (Gauntlet)
  Sigmund (D:3)
  4 wyverns
  A ynoxinul (D:10)
  A basilisk (D:9)
  2 wraiths (D:10)
  12 yaks
  A steam dragon (D:9)
  2 chaos spawn (D:10)
  2 harpy simulacra (Gauntlet)
  A redback simulacrum (Gauntlet)
  An acid dragon (D:9)
  3 water moccasins (D:9)
  2 sky beasts
  5 orc warriors
  An ice beast (D:4)
  4 ogres
  A phantom (D:5)
  A centaur (D:8)
  5 kobold brigands
  4 bullfrogs
  4 scorpions
  8 wights
  14 killer bees
  An electric eel (D:9)
  6 howler monkeys
  A bombardier beetle (D:6)
  2 quasits (D:10)
  A jelly (D:8)
  3 orc priests
  Crazy Yiuf (D:2)
  5 hounds
  4 gnoll boudas
  Terence (D:3)
  7 iguanas
  4 orc wizards
  A boggart simulacrum (Gauntlet)
  8 mummies (Ossuary)
  Robin (D:3)
  8 adders
  12 gnolls
  3 shadow imps
  3 white imps
  2 ufetubi (D:6)
  2 dart slugs
  3 ribbon worms
  23 orcs
  4 endoplasms
  A gnoll zombie (Ossuary)
  13 goblins
  4 hobgoblins
  2 quokkas
  4 ball pythons
  2 bats
  4 frilled lizards
  2 hobgoblin zombies (Ossuary)
  16 kobolds
  3 kobold zombies (Ossuary)
  2 orc zombies (Ossuary)
  2 rats
257 creatures vanquished.

Notes
Turn   | Place    | Note
-------+----------+-------------------------------------------
     0 | D:1      | DildoBatman the Formicid Conjurer began the quest for the
                  | Orb.
     0 | D:1      | Reached XP level 1. HP: 13/13 MP: 3/3
   287 | D:1      | Reached XP level 2. HP: 19/19 MP: 5/5
   290 | D:1      | Learned a level 2 spell: Searing Ray
   982 | D:2      | Found the +5 robe of Misfortune {Harm *Corrode *Slow EV+5}
  1095 | D:2      | Reached XP level 3. HP: 25/25 MP: 6/6
  1384 | D:2      | Found a runed translucent door.
  1385 | D:2      | Noticed Crazy Yiuf
  1485 | D:3      | Noticed Terence
  1685 | D:3      | Reached skill level 1 in Fighting
  1685 | D:3      | Reached skill level 1 in Armour
  1813 | D:3      | Noticed Sigmund
  1875 | D:3      | Noticed Robin
  1948 | D:4      | Found Kiynain's Book Shop.
  1983 | D:4      | Reached skill level 1 in Shields
  1986 | D:4      | Found a glowing golden altar of the Shining One.
  2016 | D:4      | Reached XP level 4. HP: 32/32 MP: 1/8
  2140 | D:4      | Found a hazy altar of Hepliaklqana.
  2318 | D:4      | Reached skill level 2 in Shields
  2318 | D:4      | Reached XP level 5. HP: 36/37 MP: 0/9
  2449 | D:4      | Found a shimmering blue altar of Sif Muna.
  2565 | D:4      | Noticed an ice beast
  2875 | D:5      | Entered Level 5 of the Dungeon
  2890 | D:5      | Reached XP level 6. HP: 44/44 MP: 6/10
  2994 | D:5      | Reached skill level 3 in Shields
  3079 | D:5      | Noticed an ogre
  3131 | D:5      | Noticed a sky beast
  3283 | D:5      | Found a burning altar of Makhleb.
  3502 | D:5      | Found a staircase to the Ecumenical Temple.
  3512 | Temple   | Entered the Ecumenical Temple
  4053 | D:6      | Reached XP level 7. HP: 50/51 MP: 4/11
  4410 | D:6      | Found Lumabaurch's CLEARANCE SALE!.
  4676 | D:7      | Identified a scroll of acquirement
  4676 | D:7      | Acquired the amulet of Biud {RegenMP +Inv rC+ Dex+7}
  4791 | D:7      | Reached XP level 8. HP: 58/58 MP: 11/14
  4868 | D:7      | Noticed a wyvern
  4997 | D:7      | Reached skill level 5 in Conjurations
  5102 | D:7      | Found a sand-covered staircase.
  5107 | Ossuary  | Entered an ossuary
  5222 | Ossuary  | Reached skill level 5 in Spellcasting
  5479 | D:7      | Killed a wyvern
  5480 | D:7      | Reached skill level 5 in Fighting
  5480 | D:7      | Reached skill level 5 in Armour
  5480 | D:7      | Reached XP level 9. HP: 68/68 MP: 10/16
  5582 | D:7      | Reached skill level 4 in Shields
  5632 | D:7      | Reached skill level 5 in Shields
  5656 | D:7      | Found Ysiat's Jewellery Shoppe.
  6162 | D:8      | Found an iron altar of Okawaru.
  6185 | D:8      | Reached skill level 6 in Shields
  6188 | D:8      | Reached skill level 7 in Shields
  6190 | D:8      | Reached skill level 8 in Shields
  6294 | D:8      | Reached skill level 9 in Shields
  6297 | D:8      | Reached XP level 10. HP: 71/74 MP: 13/19
  6319 | D:8      | Reached skill level 10 in Shields
  6358 | D:8      | Found an ornate altar of the Wu Jian Council.
  6480 | D:8      | Reached skill level 11 in Shields
  6772 | D:8      | Reached skill level 12 in Shields
  7226 | D:5      | Identified the ring of Makhleb's Indignation {Will++ MP+9}
  7401 | D:3      | Killed Sigmund
  7402 | D:3      | Reached skill level 13 in Shields
  7449 | D:3      | Killed Terence
  7541 | D:3      | Killed Robin
  8031 | D:9      | Reached skill level 14 in Shields
  8038 | D:9      | Reached XP level 11. HP: 51/79 MP: 8/20
  8094 | D:9      | Found a staircase to the Lair.
  8107 | D:9      | Reached skill level 15 in Shields
  8385 | D:9      | Noticed Erica
  8397 | D:9      | Found a broken altar of Ashenzari.
  8520 | D:9      | Found a white marble altar of Elyvilon.
  9100 | D:10     | Entered Level 10 of the Dungeon
  9115 | D:10     | Noticed a sun demon
  9132 | D:10     | Killed a sun demon
  9236 | D:10     | Noticed a two-headed ogre
  9246 | D:10     | Killed a two-headed ogre
  9382 | D:10     | Noticed a two-headed ogre
  9392 | D:10     | Killed a two-headed ogre
  9393 | D:10     | Reached skill level 5 in Dodging
  9500 | D:10     | Found an ancient bone altar of Kikubaaqudgha.
  9508 | D:10     | Became a worshipper of Kikubaaqudgha
  9805 | D:2      | Killed Crazy Yiuf
 10171 | D:9      | Killed Erica
 10275 | D:10     | Found a bloodstained altar of Trog.
 10285 | D:10     | Reached XP level 12. HP: 91/91 MP: 17/21
 10661 | D:10     | Found a sacrificial altar of Ru.
 11028 | D:11     | Noticed a two-headed ogre
 11048 | D:10     | Killed a two-headed ogre
 11091 | D:11     | Found a gate leading to a gauntlet.
 11097 | D:11     | Found a frozen archway.
 11100 | Gauntlet | Entered a Gauntlet
 11100 | Gauntlet | Noticed a death drake
 11100 | Gauntlet | Found a transporter.
 11103 | Gauntlet | Found a transporter.
 11104 | Gauntlet | Found a transporter.
 11105 | Gauntlet | Found a transporter.
 11105 | Gauntlet | Noticed an occultist
 11105 | Gauntlet | Noticed an arcanist
 11108 | Gauntlet | Found a transporter.
 11116 | Gauntlet | Found a transporter.
 11117 | Gauntlet | Found a transporter.
 11118 | Gauntlet | Found a transporter.
 11152 | Gauntlet | Identified the +1 cloak of Erir {Int+3}
 11159 | Gauntlet | Killed an occultist
 11165 | Gauntlet | Killed an arcanist
 11208 | Gauntlet | Reached * piety under Kikubaaqudgha
 11208 | Gauntlet | Received a gift from Kikubaaqudgha
 11215 | Gauntlet | Identified the ring "Lamn" {rPois Will+}
 11233 | Gauntlet | Noticed a minotaur
 11251 | Gauntlet | Identified the +0 cloak "Muip" {rN+ rCorr}
 11253 | Gauntlet | HP: 2/95 [minotaur/silver javelin (3)]
 11257 | D:11     | Slain by a minotaur

Illustrated notes

Levels and vault maps discovered:
D:1:      minmay_arrival_diagonal_passages, layout_loops_ring
D:2:      layout_basic, nicolae_wormholes, uniq_crazy_yiuf_cottage
D:3:      layout_basic, uniq_sigmund, uniq_robin, uniq_terence
D:4:      layout_gridville, led_sif_pool, nicolae_tso_carved_into_rock,
          nzn_hepliaklqana_mist_gate, serial_shops, shop
D:5:      nicolae_BIG_FREAKIN_CUBE, layout_loops_ring,
          mainiacjoe_overflow_paths, minmay_temple_entry_poolview
D:6:      layout_cave_pools, nicolae_shop_clearance
D:7:      layout_basic, serial_shops, shop, enter_ossuary_2
D:8:      kennysheep_seaside_town, layout_rooms,
          mainiacjoe_overflow_tiny_flanked, mainiacjoe_overflow_catwalk
D:9:      layout_loops_corners, lemuel_tele_altar, nicolae_elyvilon_temple_path,
          minmay_lair_entry_grove, uniq_erica
D:10:     layout_loops_corners, mainiacjoe_overflow_chevrons,
          kiku_gazebo_garden_becter, trog_butcher_becter, serial_demonic,
          serial_demonic_f, serial_demonic_e, serial_demonic_b,
          serial_demonic_d, serial_demonic_g, serial_demonic_e
D:11:     layout_long_grid, erik_orc_2, gauntlet_entry_generic, serial_shops,
          shop, portal_ice_cave_entry_imps
Temple:   minmay_freezing_vapour_temple

Skill      XL: |  1  2  3  4  5  6  7  8  9 10 11 12 |
---------------+-------------------------------------+-----
Dodging        | 2 3 5 6 |  6.8
Fighting       | 1 2 3 5 7 9 |  9.0
Armour         | 1 2 3 5 7 8 |  8.9
Shields        | 1 2 3 9 14 15 | 15.0
Stealth        | 3 4 |  4.0
Spellcasting   | 3 4 5 6 |  6.0
Conjurations   | 4 5 6 |  6.0

Action                     |  1- 3 |  4- 6 |  7- 9 | 10-12 || total
---------------------------+-------+-------+-------+-------++-------
  Melee: Dagger            |    26 |    15 |       |       ||    41
         Unarmed           |     5 |       |       |       ||     5
         Punch             |     1 |       |       |       ||     1
         Falchion          |       |     7 |    48 |    69 ||   124
         Short sword       |       |       |     1 |       ||     1
   Fire: Sling             |     5 |    18 |     1 |       ||    24
   Cast: Magic Dart        |    23 |     9 |    23 |    43 ||    98
         Searing Ray       |     2 |    10 |    51 |   129 ||   192
Ability: Dig               |       |       |       |     1 ||     1
    Use: Scroll            |       |     6 |     5 |     3 ||    14
         Potion            |       |       |       |     1 ||     1
   Stab: Sleeping          |    10 |       |     2 |     7 ||    19
 Armour: Robe              |    19 |    20 |    46 |    96 ||   181
  Dodge: Dodged            |    28 |    38 |    86 |   151 ||   303
  Block: Buckler           |       |    10 |    42 |    80 ||   132
         Tower shield      |       |       |       |   165 ||   165
